Map: Lightshade LE

Players

Kas

  • Race: Terran Terran

Reynor - Winner!

  • Race: Zerg Zerg

Event: DreamHack SC2 Masters 2021 Fall

VOD

Have the link to the VOD?

Description

Time

  • Played on: July 28, 2021, 11:36 a.m.
  • Length: 3:16

All games in this series

Show
View Real Time Build Order
Export as new Build Order

Kas Terran 

Build Orders:  

Get SALT Encoding   

  12  0:00  SCV  
  13  0:12  SCV  
  14  0:18  Supply Depot  
  14  0:25  SCV  
  15  0:41  Barracks  
  15  0:50  Barracks  
  15  0:53  SCV  
  16  1:05  SCV  
  17  1:17  SCV  
  18  1:28  Marine  
  19  1:37  Marine  
  20  1:45  Supply Depot  
  20  1:46  Marine  
  21  1:49  Bunker  
  21  1:51  Bunker  
  21  1:52  Bunker  
  21  1:55  Bunker  
  21  1:56  Marine  
  21  1:58  Orbital Command  
  22  2:04  Marine  
  23  2:14  Marine  
  23  2:22  Marine  
  24  2:32  Marine  
  24  2:33  SCV  
  26  2:39  Marine  
  25  2:50  Marine  
  24  2:51  SCV  
  24  2:57  Marine  
  25  3:00  Command Center  
  25  3:03  SCV  
  24  3:14  Refinery  
Show
View Real Time Build Order
Export as new Build Order

Reynor Zerg - Winner!

Build Orders: Hatch First 

Get SALT Encoding   

  12  0:00  Drone  
  13  0:12  Overlord  
  13  0:16  Drone  
  14  0:30  Drone x2  
  16  0:48  Hatchery  
  15  0:50  Drone  
  15  0:54  Drone  
  17  0:57  Drone  
  18  1:08  Extractor  
  17  1:13  Spawning Pool  
  17  1:15  Drone  
  17  1:19  Drone  
  18  1:28  Drone  
  19  1:38  Drone  
  20  1:49  Overlord  
  21  2:01  Zergling x4  
  21  2:02  Queen, Spine Crawler  
  23  2:10  Zergling x4  
  23  2:24  Zergling x4  
  22  2:45  Zergling x6  
  25  2:54  Drone  

Tags
 
Add a new tag
Caveats
  • Supply blocks, unpowered buildings, or Contaminate may cause inaccurate times.
  • Supply counts are checked every 10 seconds.